 Dungeon Crawl Stone Soup version 0.20-a0-792-g09bcfd3 (webtiles) character file.

2363 esteth the Spear-Bearer (level 9, -3/66 HPs)
             Began as a Merfolk Skald on Feb 28, 2017.
             Was a Believer of Yredelemnul.
             Slain by an orc warrior
             ... wielding a +0 dire flail
              (21 damage)
             ... on level 7 of the Dungeon.
             The game lasted 00:20:24 (6948 turns).

esteth the Spear-Bearer (Merfolk Skald)             Turns: 6948, Time: 00:20:25

Health: -3/66      AC:  6    Str: 11    XL:     9   Next: 44%
Magic:  4/13       EV: 18    Int: 12    God:    Yredelemnul [**....]
Gold:   357        SH:  4    Dex: 19    Spells: 1/14 levels left

rFire    . . .     SeeInvis .   r - +1 trident
rCold    . . .     Gourm    .   b - +0 leather armour
rNeg     . . .     Faith    .   t - +0 buckler
rPois    .         Spirit   .   (no helmet)
rElec    .         Reflect  .   e - +0 cloak
rCorr    .         Harm     .   (no gloves)
MR       +....                  (no boots)
Stlth    +.........             (no amulet)
Regen    0.7/turn               k - +5 ring of evasion
MPRegen  0.2/turn               h - +2 ring of dexterity

@: very slightly contaminated
A: change form in water, swift swim, stealthy swim, iridescent scales 1, magic
resistance 1, regeneration 1
a: Animate Remains, Recall Undead Slaves, Injury Mirror, Renounce Religion


You were on level 7 of the Dungeon.
You worshipped Yredelemnul.
Yredelemnul was pleased with you.
You were not hungry.

You visited 1 branch of the dungeon, and saw 7 of its levels.

You collected 357 gold pieces.

Inventory:

Hand Weapons
 a - a +1 spear
 r - a +1 trident (weapon)
Missiles
 H - 86 arrows
Armour
 b - a +0 leather armour (worn)
 e - a +0 cloak (worn)
 t - a +0 buckler (worn)
 z - a +0 ring mail
 F - a +0 helmet
Jewellery
 h - a +2 ring of dexterity (left hand)
 i - an uncursed ring of stealth
 k - a +5 ring of evasion (right hand)
 A - an uncursed ring of stealth
 C - an uncursed ring of protection from cold
Wands
 y - a wand of iceblast (3/15)
Scrolls
 f - 6 scrolls of teleportation
 m - 3 scrolls of remove curse
 v - 5 scrolls of identify
 x - 2 scrolls of magic mapping
 J - a scroll of fear
Potions
 g - 2 potions of mutation
 j - 2 potions of ambrosia {unknown}
 l - 5 potions of curing {unknown}
 o - a potion of haste {unknown}
 p - 2 potions of brilliance {unknown}
 s - 5 potions of degeneration {unknown}
 u - 2 potions of heal wounds {unknown}
 D - a potion of might {unknown}
 G - 2 potions of agility {unknown}
 I - a potion of magic {unknown}
Books
 c - a book of Battle

   Spells                             Type                      Level
   a - Infusion                       Charms                       1
   b - Shroud of Golubria             Charms/Translocation         2
   c - Song of Slaying                Charms                       2
   d - Spectral Weapon                Hexes/Charms                 3
   e - Regeneration                   Charms/Necromancy            3
 w - a book of Changes

   Spells                             Type                      Level
   a - Beastly Appendage              Transmutation                1
   b - Sticks to Snakes               Transmutation                2
   c - Spider Form                    Transmutation/Poison         3
   d - Ice Form                       Ice/Transmutation            4
   e - Blade Hands                    Transmutation                5
 E - a book of Minor Magic

   Spells                             Type                      Level
   a - Magic Dart                     Conjuration                  1
   b - Blink                          Translocation                2
   c - Call Imp                       Summoning                    2
   d - Slow                           Hexes                        2
   e - Conjure Flame                  Conjuration/Fire             3
   f - Mephitic Cloud                 Conjuration/Poison/Air       3
Comestibles
 d - 3 bread rations
 n - 6 fruits
 q - 2 meat rations
 B - 4 royal jellies


   Skills:
 - Level 4.5 Fighting
 - Level 13.3 Polearms
 - Level 0.6 Armour
 - Level 4.1 Dodging
 - Level 3.1 Spellcasting
 - Level 4.1 Charms
 + Level 4.1 Translocations
 - Level 1.1 Transmutations


You had one spell level left.
You knew the following spells:

 Your Spells              Type           Power        Failure   Level  Hunger
a - Infusion              Chrm           ##..         12%         1    #......
b - Shroud of Golubria    Chrm/Tloc      ##........   17%         2    ###....
c - Regeneration          Chrm/Necr      #.........   78%         3    ###....
d - Spectral Weapon       Hex/Chrm       #.......     78%         3    ###....
e - Sticks to Snakes      Tmut           #.......     63%         2    ###....
f - Blink                 Tloc           N/A          17%         2    ###....


Dungeon Overview and Level Annotations

Branches:
Dungeon (7/15)             Temple (0/1) D:4

Altars:
Vehumet
Yredelemnul

Shops:
D:6 *

Annotations:
D:4 1 runed door
D:7 exclusion: hornet


Innate Abilities, Weirdness & Mutations

You revert to your normal form in water.
You are very nimble and swift while swimming.
You are very stealthy in the water. (Stealth+)
You are partially covered in iridescent scales. (AC +2)
You are resistant to hostile enchantments. (MR+)
Your natural rate of healing is unusually fast.


Message History

The orc warrior is heavily wounded.
You closely miss the orc warrior.
The orc warrior is heavily wounded.
You block the orc warrior's attack.
You closely miss the orc warrior.
The orc warrior is heavily wounded.
You hit the orc warrior but do no damage.
The orc warrior is heavily wounded.
You are no longer magically infusing your attacks.
The orc warrior hits you with a dire flail.
You closely miss the orc warrior.
The orc warrior is heavily wounded.
The orc warrior hits you with a dire flail!
* * * LOW HITPOINT WARNING * * *
Casting: Shroud of Golubria
Confirm with . or Enter, or press ? or * to list all spells.
Space distorts slightly along a thin shroud covering your body.
The orc warrior hits you with a dire flail!!
You die...
Your body rises from the dead as a mindless zombie.

#.#.##.#### ###
#......###########
###...(...........
###############. #.
########## #.
#..).o.... #.
#o############ #.
#@# #...# #. #.#
#.#.####. #.#
###........ #.#
#........#. ###.#
#.###.##.#. #...#
#.###.##.#.
#.########.....##.#.
#...........#.....#.
##########.##.......


You could see an orc warrior.

Vanquished Creatures
  Edmund (D:6)
  4 phantoms
  2 ogres
  4 centaurs (D:6)
  A bullfrog (D:7)
  A scorpion (D:6)
  3 killer bees (D:7)
  3 crimson imps
  5 jellies
  4 orc priests
  5 hounds
  2 bullfrog skeletons (D:5)
  3 orc wizards
  2 centaur skeletons
  3 iguanas
  4 worker ants
  A killer bee zombie (D:6)
  A hound zombie (D:7)
  2 hound skeletons
  11 adders
  2 shadow imps
  An adder zombie (D:6)
  An adder skeleton (D:5)
  A worm (D:2)
  4 dart slugs
  3 leopard geckos (D:5)
  8 orcs
  5 giant cockroaches
  2 gnoll zombies (D:2)
  8 goblins
  9 hobgoblins
  10 jackals
  4 quokkas
  A ball python (D:4)
  A ball python skeleton (D:5)
  5 bats
  7 frilled lizards
  6 kobolds
  12 rats
152 creatures vanquished.

Notes
Turn   | Place    | Note
-------+----------+-------------------------------------------
     0 | D:1      | esteth the Merfolk Skald began the quest for the Orb.
     0 | D:1      | Reached XP level 1. HP: 16/16 MP: 3/3
   248 | D:1      | Reached skill level 4 in Polearms
   248 | D:1      | Reached XP level 2. HP: 22/22 MP: 5/5
   972 | D:2      | Reached skill level 5 in Polearms
   972 | D:2      | Reached XP level 3. HP: 21/27 MP: 6/6
  1037 | D:2      | Learned a level 2 spell: Shroud of Golubria
  1059 | D:2      | Found a radiant altar of Vehumet.
  1144 | D:2      | Reached skill level 1 in Translocations
  1442 | D:2      | Reached XP level 4. HP: 33/33 MP: 7/7
  2168 | D:2      | Found a basalt altar of Yredelemnul.
  2225 | D:2      | Became a worshipper of Yredelemnul the Dark
  2507 | D:3      | Learned a level 3 spell: Regeneration
  2522 | D:3      | Reached XP level 5. HP: 38/38 MP: 6/8
  2669 | D:3      | Reached skill level 6 in Polearms
  3258 | D:4      | Reached XP level 6. HP: 27/44 MP: 9/9
  3417 | D:4      | Found a staircase to the Ecumenical Temple.
  3420 | D:4      | Noticed a phantom
  3447 | D:4      | Killed a phantom
  3708 | D:4      | Reached XP level 7. HP: 40/55 MP: 3/10
  3715 | D:4      | Reached * piety under Yredelemnul
  3734 | D:4      | Reached skill level 7 in Polearms
  3916 | D:4      | Learned a level 3 spell: Spectral Weapon
  4027 | D:4      | Found a runed door.
  4302 | D:4      | Reached skill level 8 in Polearms
  4644 | D:5      | Entered Level 5 of the Dungeon
  4651 | D:5      | Reached skill level 9 in Polearms
  4676 | D:5      | Reached XP level 8. HP: 36/61 MP: 5/11
  4826 | D:5      | Reached skill level 10 in Polearms
  4957 | D:5      | Gained mutation: You are resistant to hostile enchantments. (MR+) [potion of mutation]
  4957 | D:5      | Gained mutation: Your natural rate of healing is unusually fast. [potion of mutation]
  4957 | D:5      | Gained mutation: You are partially covered in iridescent scales. (AC +2) [potion of mutation]
  5039 | D:5      | Reached skill level 11 in Polearms
  5568 | D:6      | Reached skill level 12 in Polearms
  5578 | D:6      | Reached ** piety under Yredelemnul
  5697 | D:6      | Noticed Edmund
  5710 | D:6      | Reached skill level 13 in Polearms
  5756 | D:6      | Reached XP level 9. HP: 62/66 MP: 12/12
  5862 | D:6      | Learned a level 2 spell: Sticks to Snakes
  5875 | D:7      | Noticed a hornet
  5908 | D:7      | Reached skill level 1 in Transmutations
  6033 | D:7      | Noticed a two-headed ogre
  6168 | D:6      | Killed Edmund
  6175 | D:6      | Learned a level 2 spell: Blink
  6199 | D:6      | Found Bomeg's Assorted Antiques.
  6948 | D:7      | Slain by an orc warrior

Vault maps used:
D:1:      matt_arrival_spirals, serial_forest, infiniplex_forest_clump_long,
          infiniplex_forest_clump_curved, infiniplex_forest_straight_2,
          infiniplex_forest_clump_diagonal, infiniplex_forest_lined_2,
          infiniplex_forest_lined_1, infiniplex_forest_lined_corner,
          infiniplex_forest_clump_C, patterned_corridor
D:2:      lemuel_round_altar, lemuel_zombie_altar_yredelemnul,
          serial_bayou_ford_a
D:4:      minmay_temple_entry_grid, first_bread, uniq_crazy_yiuf_cottage
D:6:      serial_shops, nicolae_shop_behind_doors, uniq_edmund
D:7:      nicolae_overflow_hidden_temple

Skill      XL: |  1  2  3  4  5  6  7  8  9 |
---------------+----------------------------+-----
Polearms       | 4 5 6 9 13 | 13.3
Translocations | 1 2 4 |  4.1
Charms         | 4 |  4.1
Dodging        | 4 |  4.1
Fighting       | 4 |  4.5
Transmutations | 1 |  1.1
Spellcasting   | 3 |  3.1
Armour         | |  0.6

Action                   |  1- 3 |  4- 6 |  7- 9 || total
-------------------------+-------+-------+-------++-------
Melee: Spear             |   125 |    71 |       ||   196
       Tailslap          |     1 |     1 |       ||     2
       Trident           |       |   146 |   448 ||   594
 Cast: Infusion          |       |     4 |     5 ||     9
       Shroud of Golubri |       |     4 |    13 ||    17
       Regeneration      |       |     1 |       ||     1
  Use: Scroll            |     1 |     4 |     5 ||    10
       Potion            |       |       |     1 ||     1
 Stab: Sleeping          |       |     8 |     6 ||    14
       Distracted        |       |     1 |     3 ||     4
  Eat: Chunk             |     1 |     9 |     9 ||    19
       Bread ration      |       |       |     1 ||     1
Armor: Leather armour    |    24 |    23 |    52 ||    99
Dodge: Dodged            |    56 |   126 |   273 ||   455
Block: Buckler           |       |       |    10 ||    10
